 Dungeon Crawl Stone Soup version 0.27-a0-797-g27d10ad80f (webtiles) character file.

Game seed: 5550134818079727090

101 polve the Slasher (level 4, 0/35 HPs)
             Began as a Demonspawn Abyssal Knight on Mar 27, 2021.
             Was a Follower of Lugonu.
             Slain by an iguana (10 damage)
             ... on level 3 of the Dungeon.
             The game lasted 00:02:12 (3735 turns).

polve the Slasher (Demonspawn Abyssal Knight)       Turns: 3735, Time: 00:02:12

Health: 0/35       AC:  7    Str: 13    XL:     4   Next: 48%
Magic:  5/5        EV:  9    Int: 14    God:    Lugonu [*.....]
Gold:   164        SH:  0    Dex: 12    Spells: 3/3 levels left

rFire    . . .     SeeInvis .   h - +0 long sword
rCold    . . .     Faith    .   (no shield)
rNeg     . . .     Spirit   .   g - +0 scale mail
rPois    .         Reflect  .   (no helmet)
rElec    .         Harm     .   (no cloak)
rCorr    .         Rampage  .   (no gloves)
Will     .....                  (no boots)
Stlth    ..........             (no amulet)
HPRegen  0.11/turn              (no ring)
MPRegen  0.09/turn              (no ring)

@: no status effects
A: sharp scales 1
a: Renounce Religion, Depart the Abyss


You were on level 3 of the Dungeon.
You worshipped Lugonu.
Lugonu was aware of your devotion.
You visited 1 branch of the dungeon, and saw 4 of its levels.
You visited the Abyss 1 time.

You collected 164 gold pieces.

Inventory:

Hand Weapons
 a - a +1 falchion
 h - a +0 long sword (weapon)
Armour
 b - a +0 leather armour
 g - a +0 scale mail (worn)
Wands
 m - a wand of iceblast (3)
Scrolls
 d - a scroll of noise {unknown}
 e - a scroll of vulnerability {unknown}
 i - a scroll of blinking {unknown}
 k - a scroll of fear {unknown}
 n - a scroll of immolation {unknown}
 o - a scroll of acquirement {unknown}
Potions
 c - a potion of degeneration {unknown}
 f - a potion of cancellation
 j - a potion of mutation
 l - a potion of heal wounds


   Skills:
 - Level 3.0 Fighting
 + Level 4.3 Long Blades
 - Level 1.7 Armour
 - Level 0.8 Dodging
 - Level 2.4 Invocations


You had 3 spell levels left.
You didn't know any spells.
Your spell library was empty.

Dungeon Overview and Level Annotations

Branches:
Dungeon (4/15)
 Temple: D:4-7

Altars:
Kikubaaqudgha

Annotations:
D:4 Grinder


Innate Abilities, Weirdness & Mutations

You are partially covered in razor-sharp scales. (AC +1, Slay +1)


Message History

No target in view!
No target in view!
No target in view!
No target in view!
No target in view!
No target in view!
No target in view!
No target in view!
No target in view!
You open the door.
An iguana, an orc and 2 orc priests come into view.
The orc shouts!
The orc priest shouts! x2; The iguana hisses angrily.
You closely miss the iguana. The iguana barely misses you.
The orc priest calls down the wrath of Beogh upon you.
Beogh smites you!
The iguana bites you but does no damage.
The orc priest mumbles some strange prayers to Beogh against you.
Beogh smites you!
The orc priest casts a cantrip, but nothing happens.
You see here 17 stones.
The orc priest calls down the wrath of Beogh upon you.
Beogh smites you!
* * * LOW HITPOINT WARNING * * *
There is a stone staircase leading up here.
The iguana bites you but does no damage.
You climb upwards.
There is a stone staircase leading down here.
You feel much better. The iguana bites you!
Your scale mail prevents you from hitting the iguana.
The iguana bites you.
* * * LOW HITPOINT WARNING * * *
You closely miss the iguana. The iguana barely misses you.
You slash the iguana!
The iguana is severely wounded.
The iguana barely misses you.
You riposte.
You barely miss the iguana.
The iguana is severely wounded.
You hit the iguana.
The iguana is severely wounded.
The iguana bites you!
You die...

.......# ##.# #...###...# #
.......####.###### #......##.# #
.......#.........###...#..##.# #
.......#..................##.## #
#.######..................)...###
#.######.........................
.................###.............
..######.........# #...##.#..####
### #.......l@# #...##.#..# #
#.........# #.##......# #
#.........# #.##(#.#..# #
#####.##### #.........# # #(#
#.##.#.#.## ## #.# #.##.....# .##
#.# #.####.#.### #.##### #.# #.#
#.....# ......# #.# #.######.#.#


You could see an iguana.

Vanquished Creatures
  4 gnolls
  2 worms (D:3)
  3 dart slugs
  An orc (D:3)
  2 endoplasms (D:3)
  2 giant cockroaches
  A goblin (D:3)
  5 hobgoblins
  12 jackals
  2 kobolds
  6 ball pythons
  3 bats
  2 frilled lizards (D:3)
  2 rats
47 creatures vanquished.

Notes
Turn   | Place    | Note
-------+----------+-------------------------------------------
     0 | Abyss:1  | polve the Demonspawn Abyssal Knight began the quest for the
                  | Orb.
     0 | Abyss:1  | Reached XP level 1. HP: 18/18 MP: 2/2
    38 | Abyss:1  | Noticed a hell hound
    39 | D:1      | Escaped the Abyss
   229 | D:1      | Reached skill level 2 in Long Blades
   320 | D:1      | Reached * piety under Lugonu
   403 | D:1      | Gained mutation: You are partially covered in razor-sharp
                  | scales. (AC +1, Slay +1) [demonic ancestry]
   403 | D:1      | Reached XP level 2. HP: 24/24 MP: 3/3
   584 | D:1      | Reached skill level 3 in Long Blades
  1359 | D:2      | Reached XP level 3. HP: 25/29 MP: 4/4
  3144 | D:4      | Reached skill level 4 in Long Blades
  3144 | D:4      | Reached XP level 4. HP: 35/35 MP: 5/5
  3542 | D:4      | Noticed Grinder
  3543 | D:4      | Found an ancient bone altar of Kikubaaqudgha.
  3735 | D:3      | Slain by an iguana

Illustrated notes

Levels and vault maps discovered:
D:1:      dpeg_arrival_lava_temple_mockup, layout_basic,
          grunt_decor_mini_mirrors
D:2:      layout_basic
D:3:      layout_loops_ring
D:4:      layout_loops_corners, nicolae_overflow_hidden_temple, uniq_eustachio,
          uniq_grinder

Skill      XL: |  1  2  3 |
---------------+----------+-----
Long Blades    | 2 3 4 |  4.3
Fighting       | |  3.0
Armour         | |  1.7
Dodging        | |  0.8
Invocations    | |  2.4

Action                   |  1- 3 |  4- 6 || total
-------------------------+-------+-------++-------
Melee: Falchion          |    39 |       ||    39
       Long sword        |    69 |    27 ||    96
Invok: Depart the Abyss  |     1 |       ||     1
  Use: Scroll            |     3 |       ||     3
       Potion            |       |     1 ||     1
Armor: Scale mail        |    40 |    19 ||    59
       Leather armour    |     4 |       ||     4
Dodge: Dodged            |    42 |    18 ||    60
       Rpst.: Falchion   |     7 |       ||     7
       Long sword        |     8 |     6 ||    14

Table legend: (Time is in decaauts)
 A = Elapsed time spent in this place.
 B = Non-inter-level travel time spent in this place.
 C = Inter-level travel time spent in this place.
 D = Time resting spent in this place.
 E = Time spent auto-exploring this place.
 F = Levels seen in this place.
 G = Mean time per level.
                   A        B        C        D        E       F      G
               +--------+--------+--------+--------+--------+-----+--------+
         Total |   3767 |   3729 |     38 |     25 |   3320 |   5 |  753.4 |
       Dungeon |   3728 |   3690 |     38 |     25 |   3282 |   4 |  932.0 |
         Abyss |     39 |     39 |      0 |      0 |     38 |   1 |   39.0 |
               +--------+--------+--------+--------+--------+-----+--------+

Top non-repeatable levels by time:
     D:3: 1598 daAuts
     D:1: 1243 daAuts
     D:2: 712 daAuts
     D:4: 174 daAuts
 Abyss:1: 39 daAuts
